 Dungeon Crawl Stone Soup version 0.31-a0-1019-g3dd9dd1025 (webtiles) character file.

Game seed: 17041741416617267706

1001 Malachi the Ruffian (level 8, -3/60 HPs)
             Began as a Gnoll Shapeshifter on Nov 17, 2023.
             Was a Plaything of Xom.
             Slain by a wyvern (15 damage)
             ... on level 6 of the Dungeon.
             The game lasted 00:05:20 (4484 turns).

Malachi the Ruffian (Gnoll Shapeshifter)            Turns: 4484, Time: 00:05:21

Health: -3/60      AC:  5    Str: 17    XL:     8   Next: 20%
Magic:  12/12      EV:  9    Int:  9    God:    Xom [......]
Gold:   264        SH:  0    Dex: 11    Spells: 13/13 levels left

rFire   + . .        p - +7 war axe
rCold   + . .        (no shield)
rNeg    . . .        n - +0 chain mail
rPois   .            (helmet currently unavailable)
rElec   .            (cloak currently unavailable)
rCorr   .            (gloves currently unavailable)
SInv    +            (boots currently unavailable)
Will    .....        (no amulet) Stlth
                     (no ring)
HPRegen 0.30/turn    (no ring)
MPRegen 0.13/turn

%: no passive effects
@: beast-form, unable to read
A: beast (slay +4), fangs 1, strong nose, distributed training, see invisible,
cold resistance 1, deformed body, fire resistance 1, evolution 1, inability to
read after injury 1
a: Begin Untransformation, Renounce Religion


You were on level 6 of the Dungeon.
You worshipped Xom.
You were a very special plaything of Xom.
You were a hulking beast.
You visited 1 branch of the dungeon, and saw 6 of its levels.

You collected 384 gold pieces.
You spent 120 gold pieces at shops.

Inventory:

Hand Weapons
 h - a +1 short sword of freezing
 p - a +7 war axe (weapon)
Missiles
 j - 15 poisoned darts
 t - 2 throwing nets
Armour
 n - a +0 chain mail (worn)
 o - a +0 pair of boots
 u - a +2 pair of gloves
Talismans
 c - a beast talisman
 d - a flux talisman
Wands
 e - a wand of iceblast (4)
 s - a wand of flame (20)
Scrolls
 a - 2 scrolls of teleportation
 g - a scroll of revelation
 q - 2 scrolls of vulnerability
Potions
 b - 4 potions of lignification
 f - a potion of haste
 i - 3 potions of brilliance
 k - 2 potions of might
 l - 3 potions of curing {unknown}
 m - 2 potions of enlightenment {unknown}
 v - 2 potions of magic {unknown}


   Skills:
 + Level 4.1 Fighting
 + Level 3.1 Short Blades
 + Level 3.1 Long Blades
 + Level 3.1 Axes
 + Level 3.1 Maces & Flails
 + Level 3.1 Polearms
 + Level 3.1 Staves
 + Level 3.1 Ranged Weapons
 + Level 3.1 Throwing
 + Level 3.1 Armour
 + Level 5.6 Dodging
 + Level 3.1 Stealth
 + Level 3.1 Shields
 + Level 7.3 Unarmed Combat
 + Level 3.1 Spellcasting
 + Level 2.5 Conjurations
 + Level 2.5 Hexes
 + Level 2.5 Summonings
 + Level 2.5 Necromancy
 + Level 2.5 Translocations
 + Level 2.5 Transmutations
 + Level 2.5 Fire Magic
 + Level 2.5 Ice Magic
 + Level 2.5 Air Magic
 + Level 2.5 Earth Magic
 + Level 2.5 Poison Magic
 + Level 3.4 Invocations
 + Level 3.1 Evocations
 + Level 7.1 Shapeshifting


You had 13 spell levels left.
You didn't know any spells.
Your spell library contained the following spells:

 Spells                   Type           Power      Damage    Failure   Level
 Freeze                   Ice            20%        1d4       75%         1
 Magic Dart               Conj           20%        1d4       75%         1
 Searing Ray              Conj           10%        2d4       86%         2
 Dazzling Flash           Conj/Hex       10%        N/A       98%         3
 Frozen Ramparts          Ice            10%        1d2       98%         3
 Hailstorm                Conj/Ice       5%         3d4       98%         3
 Fulminant Prism          Conj/Hex       2%         3d5       100%        4
 Petrify                  Tmut/Erth      5%         N/A       100%        4
 Agony                    Necr           5%         N/A       100%        5
 Metabolic Englaciation   Hex/Ice        2%         N/A       100%        5
 Silence                  Hex/Air        2%         N/A       100%        5


Dungeon Overview and Level Annotations

Branches:
Dungeon (6/15)
 Temple: D:4-7

Altars:
Ashenzari
Makhleb
Okawaru
Qazlal
Sif Muna
Xom

Shops:
D:5 *


Innate Abilities, Weirdness & Mutations

You are a hulking beast.
Your limbs bulge with bestial killing power. (Slay +4)
You have very sharp teeth.
Your uncanny sense of smell can sniff out nearby items.
Your experience applies equally to all skills.
You have supernaturally acute eyesight. (SInv)
Your flesh is cold resistant. (rC+)
Armour fits poorly on your strangely shaped body.
Your flesh is heat resistant. (rF+)
You have hidden genetic potential.
You occasionally lose the ability to read scrolls when taking damage.


Message History

"Let me alter your body."
Your body is suffused with distortional energy.
Your vision sharpens.
You occasionally lose the ability to read scrolls when taking damage.
Done exploring.
Done exploring.
Done exploring.
Done exploring.
Items here: )) ††.
Things that are here:
a +0 halberd; a gnoll corpse
There is a stone staircase leading down here.
Okay, then.
You climb downwards.
There is a stone staircase leading up here.
Unknown command.
A wyvern comes into view.
The wyvern hisses angrily.
A wyvern is nearby!
A wyvern is nearby!
A wyvern is nearby!
You closely miss the wyvern. The wyvern bites you!
You emit a cloud of colourful smoke!
You feel threatened and lose the ability to read scrolls!
The wyvern bites you!
You slash the wyvern! Your punch misses the wyvern. You bite the wyvern.
The wyvern is moderately wounded.
The wyvern bites you! x2
You are too injured to fight recklessly!
You are too injured to fight recklessly!
You are too injured to fight recklessly!
You are too injured to fight recklessly!
Unknown command.
You slash the wyvern! Your bite misses the wyvern.
The wyvern is heavily wounded.
The wyvern bites you!
* * * LOW HITPOINT WARNING * * *
The wyvern bites you!
You die...
Xom cackles wildly!

#############
.......<..§§#
###########§#
#§# #h# #l#
#§# ∆ #§# ...
... ... ##.##


You could see a wyvern.

Vanquished Creatures
  A steam dragon (D:5)
  A black bear (D:5)
  A centaur (D:5)
  A scorpion (D:4)
  A howler monkey (D:5)
  A jelly (D:5)
  3 hounds (D:5)
  2 orc priests (D:5)
  Ijyb (D:3)
  An iguana (D:4)
  4 orc wizards (D:5)
  11 gnolls
  5 adders
  2 dart slugs
  22 orcs
  11 endoplasms
  4 giant cockroaches
  8 goblins
  6 hobgoblins
  2 jackals (D:2)
  6 quokkas
  10 ball pythons
  7 bats
  3 frilled lizards
  9 kobolds
  6 rats
129 creatures vanquished.

Notes
Turn   | Place    | Note
-------+----------+-------------------------------------------
     0 | D:1      | Malachi the Gnoll Shapeshifter began the quest for the Orb.
     0 | D:1      | Reached XP level 1. HP: 17/17 MP: 1/1
    96 | D:1      | Reached XP level 2. HP: 23/23 MP: 2/2
   259 | D:1      | Reached XP level 3. HP: 21/28 MP: 3/3
   723 | D:2      | Reached skill level 1 in Invocations
   965 | D:2      | Found a shimmering altar of Xom.
  1400 | D:2      | Reached skill level 1 in Short Blades
  1400 | D:2      | Reached skill level 1 in Long Blades
  1400 | D:2      | Reached skill level 1 in Axes
  1400 | D:2      | Reached skill level 1 in Maces & Flails
  1400 | D:2      | Reached skill level 1 in Polearms
  1400 | D:2      | Reached skill level 1 in Staves
  1400 | D:2      | Reached skill level 1 in Ranged Weapons
  1400 | D:2      | Reached skill level 1 in Throwing
  1400 | D:2      | Reached skill level 1 in Armour
  1400 | D:2      | Reached skill level 1 in Stealth
  1400 | D:2      | Reached skill level 1 in Shields
  1400 | D:2      | Reached skill level 1 in Spellcasting
  1400 | D:2      | Reached skill level 1 in Evocations
  1631 | D:3      | Reached XP level 4. HP: 34/34 MP: 5/5
  1681 | D:3      | Found a shimmering blue altar of Sif Muna.
  1682 | D:3      | Found a stormy altar of Qazlal.
  1810 | D:3      | Noticed Ijyb
  1817 | D:3      | Reached skill level 1 in Conjurations
  1817 | D:3      | Reached skill level 1 in Hexes
  1817 | D:3      | Reached skill level 1 in Summonings
  1817 | D:3      | Reached skill level 1 in Necromancy
  1817 | D:3      | Reached skill level 1 in Translocations
  1817 | D:3      | Reached skill level 1 in Transmutations
  1817 | D:3      | Reached skill level 1 in Fire Magic
  1817 | D:3      | Reached skill level 1 in Ice Magic
  1817 | D:3      | Reached skill level 1 in Air Magic
  1817 | D:3      | Reached skill level 1 in Earth Magic
  1817 | D:3      | Reached skill level 1 in Poison Magic
  1823 | D:3      | Killed Ijyb
  1908 | D:3      | Reached XP level 5. HP: 40/40 MP: 6/6
  2367 | D:4      | Reached XP level 6. HP: 26/47 MP: 8/8
  2552 | D:4      | Reached skill level 5 in Dodging
  2637 | D:4      | Found an iron altar of Okawaru.
  3023 | D:4      | Found a burning altar of Makhleb.
  3257 | D:2      | Became a worshipper of Xom of Unknown Intention
  3595 | D:5      | Entered Level 5 of the Dungeon
  3595 | D:5      | Found Nymukior's General Store.
  3614 | D:5      | Reached XP level 7. HP: 16/52 MP: 8/10
  3796 | D:5      | Bought a potion of mutation for 120 gold pieces
  3796 | D:5      | Gained mutation: You are strong-willed. (Will+) [potion of
                  | mutation]
  3796 | D:5      | Gained mutation: Your mind is acute. (Int +4, Str/Dex -1)
                  | [potion of mutation]
  3796 | D:5      | Gained mutation: You have hidden genetic potential. [potion
                  | of mutation]
  3797 | D:5      | Lost mutation: You are strong-willed. (Will+) [potion of
                  | mutation]
  3797 | D:5      | Lost mutation: Your mind is acute. (Int +4, Str/Dex -1)
                  | [potion of mutation]
  3797 | D:5      | Gained mutation: Your spells are a little harder to cast,
                  | but a little more powerful. [potion of mutation]
  3797 | D:5      | Gained mutation: Your flesh is heat resistant. (rF+)
                  | [potion of mutation]
  4038 | D:5      | XOM: polymorph adder -> killer bee
  4043 | D:5      | a killer bee changed into a steam dragon
  4043 | D:5      | Noticed a steam dragon
  4043 | D:5      | XOM: polymorph killer bee -> steam dragon
  4045 | D:5      | Killed a steam dragon
  4046 | D:5      | Reached XP level 8. HP: 26/60 MP: 12/12
  4222 | D:5      | XOM: give mutations
  4222 | D:5      | Lost mutation: Your spells are a little harder to cast, but
                  | a little more powerful. [Xom's mischief]
  4222 | D:5      | Gained mutation: Armour fits poorly on your strangely
                  | shaped body. [Xom's mischief]
  4239 | D:5      | Found a broken altar of Ashenzari.
  4268 | D:5      | Gained mutation: Your flesh is cold resistant. (rC+)
                  | [hidden potential]
  4443 | D:5      | XOM: give mutations
  4443 | D:5      | Gained mutation: You have supernaturally acute eyesight.
                  | (SInv) [Xom's mischief]
  4443 | D:5      | Gained mutation: You occasionally lose the ability to read
                  | scrolls when taking damage. [Xom's mischief]
  4479 | D:6      | Noticed a wyvern
  4482 | D:6      | XOM: smoke on damage
  4484 | D:6      | Slain by a wyvern

Illustrated notes

Levels and vault maps discovered:
D:1:      heliophobic_arrival_ceremonial_halls, layout_rooms
D:2:      layout_basic, basic_altar
D:3:      minmay_chambers_of_twos, layout_basic,
          gammafunk_temple_overflow_statue, kennysheep_generic_room_6, uniq_ijyb
D:4:      layout_loops_corners, mainiacjoe_overflow_divided_tiny
D:5:      layout_rooms, nicolae_ashenzari_skybound, serial_shops, shop
D:6:      layout_loops_ring, fedhas_altar_4, kennysheep_mini, serial_shops,
          nicolae_shop_crystal

Skill      XL: |  1  2  3  4  5  6  7 |
---------------+----------------------+-----
Invocations    | 1 2 3 |  3.4
Short Blades   | 1 2 3 |  3.1
Long Blades    | 1 2 3 |  3.1
Axes           | 1 2 3 |  3.1
Maces & Flails | 1 2 3 |  3.1
Polearms       | 1 2 3 |  3.1
Staves         | 1 2 3 |  3.1
Ranged Weapons | 1 2 3 |  3.1
Throwing       | 1 2 3 |  3.1
Armour         | 1 2 3 |  3.1
Stealth        | 1 2 3 |  3.1
Shields        | 1 2 3 |  3.1
Spellcasting   | 1 2 3 |  3.1
Evocations     | 1 2 3 |  3.1
Conjurations   | 1 2 |  2.5
Hexes          | 1 2 |  2.5
Summonings     | 1 2 |  2.5
Necromancy     | 1 2 |  2.5
Translocations | 1 2 |  2.5
Transmutations | 1 2 |  2.5
Fire Magic     | 1 2 |  2.5
Ice Magic      | 1 2 |  2.5
Air Magic      | 1 2 |  2.5
Earth Magic    | 1 2 |  2.5
Poison Magic   | 1 2 |  2.5
Fighting       | 3 4 |  4.1
Dodging        | 5 |  5.6
Unarmed Combat | 7 |  7.3
Shapeshifting  | 7 |  7.1

Action                     |  1- 3 |  4- 6 |  7- 9 || total
---------------------------+-------+-------+-------++-------
  Melee: Unarmed           |    29 |       |       ||    29
         Punch             |     1 |     2 |     3 ||     6
         Short sword       |    68 |    13 |       ||    81
         Bite              |     3 |    12 |     2 ||    17
         War axe           |       |    91 |    60 ||   151
    Use: Scroll            |     1 |     7 |     5 ||    13
         Potion            |       |       |     2 ||     2
   Stab: Sleeping          |     1 |       |       ||     1
 Armour: Animal skin       |    15 |       |       ||    15
         Leather armour    |    33 |       |       ||    33
         Chain mail        |     8 |   101 |    66 ||   175
  Dodge: Dodged            |    63 |    49 |    38 ||   150

Table legend: (Time is in decaauts)
 A = Elapsed time spent in this place.
 B = Non-inter-level travel time spent in this place.
 C = Inter-level travel time spent in this place.
 D = Time resting spent in this place.
 E = Time spent auto-exploring this place.
 F = Levels seen in this place.
 G = Mean time per level.
                   A        B        C        D        E       F      G
               +--------+--------+--------+--------+--------+-----+--------+
         Total |   4536 |   4070 |    466 |    157 |   3147 |   6 |  756.0 |
       Dungeon |   4536 |   4070 |    466 |    157 |   3147 |   6 |  756.0 |
               +--------+--------+--------+--------+--------+-----+--------+

Top non-repeatable levels by time:
     D:4: 1199 daAuts
     D:2: 969 daAuts
     D:3: 908 daAuts
     D:5: 904 daAuts
     D:1: 545 daAuts
     D:6: 10 daAuts
